 Dungeon Sprint DCSS version 0.18.1-47-g9310371 (webtiles) character file.

1673 rftp080 the Grappler (level 8, -1/89 HPs)
             Began as a Troll Fighter on June 20, 2016.
             Was an Elder of Makhleb.
             Slain by a seven-headed hydra (2 damage)
             ... in the Dungeon (Sprint IX: "|||||||||||||||||||||||||||||").
             The game lasted 00:02:52 (339 turns).

rftp080 the Grappler (Troll Fighter)                 Turns: 339, Time: 00:02:53

Health: -1/89      AC:  8    Str: 25    XL:     8   Next: 70%
Magic:  7/7        EV: 14    Int:  4    God:    Makhleb [****..]
Gold:   0          SH: 11    Dex: 14    Spells: 0 memorised, 7 levels left

rFire  . . .     SeeInvis .     r - +2 scimitar (flame)
rCold  . . .     Gourm    +     a - +0 robe
rNeg   . . .     Faith    .     b - +0 shield
rPois  .         Spirit   .     (helmet restricted)
rElec  .         Dismiss  .     o - +2 cloak
rCorr  .         Reflect  .     (gloves unavailable)
SustAt .         Harm     .     (boots unavailable)
MR     .....     NoTele   +     (no amulet)
Stlth  +.........               t - +2 ring of evasion
                                s - +3 ring of dexterity

@: not resistant to hostile enchantments, very unstealthy
A: unfitting armour, claws 3, fast metabolism 3, gourmand, regeneration 2,
shaggy fur 1, tough skin 2
a: Minor Destruction, Lesser Servant of Makhleb, Major Destruction, Renounce
Religion


You were in the Dungeon.
You worshipped Makhleb.
Makhleb was greatly pleased with you.
You were not hungry.

You visited 1 branch

Inventory:

Hand Weapons
 q - a +2 morningstar of freezing
 r - a +2 scimitar of flaming (weapon)
Armour
 a - a +0 robe (worn)
 b - a +0 shield (worn)
 o - a +2 cloak (worn)
 p - a +0 pair of gloves
Magical Staves
 n - an uncursed staff of energy
Jewellery
 s - a +3 ring of dexterity (left claw)
 t - a +2 ring of evasion (right claw)
Wands
 m - a wand of lightning (2/15)
Scrolls
 j - 2 scrolls of blinking
 k - 5 scrolls of remove curse
 l - 2 scrolls of amnesia
 w - a scroll of recharging
 x - 2 scrolls of enchant weapon
Potions
 c - a potion of might
 e - 9 potions of curing
 f - 4 potions of heal wounds
 g - a potion of haste
 h - 4 potions of magic
 i - a potion of cure mutation
Comestibles
 d - 2 bread rations
 u - 4 fruits


   Skills:
 + Level 8.4 Fighting
 + Level 4.5 Dodging
 + Level 8.5 Shields
 * Level 13.2 Unarmed Combat


You had 7 spell levels left.
You didn't know any spells.

Dungeon Overview and Level Annotations

Branches:
Dungeon (1/1)

Altars:
Cheibriados
Dithmenos
Elyvilon
Fedhas
Gozag
Kikubaaqudgha
Makhleb
Nemelex Xobeh
Okawaru
Pakellas
Qazlal
Ru
Sif Muna
Trog
Vehumet
Xom
Yredelemnul
Zin
The Shining One
Beogh
Jiyva
Lugonu


Innate Abilities, Weirdness & Mutations

You are too large for most types of armour.
You have claws for hands.
Your metabolism is lightning-fast.
You like to eat raw meat.
You heal very quickly.
You are covered in fur (AC +1).
You have very tough skin (AC +2).


Message History

Press: ? - help, Shift-Dir - straight line, f/p - spiny frog
Aim: a spiny frog (severely wounded)
You hear a mighty clap of thunder!
The bolt of lightning hits the seven-headed hydra.
The seven-headed hydra is almost dead.
The bolt of lightning hits the spiny frog.
The spiny frog is almost dead.
The bolt of lightning misses the spiny frog.
The bolt of lightning hits the spiny frog.
The spiny frog is almost dead.
The bolt of lightning hits the water moccasin.
The water moccasin is moderately wounded.
The bolt of lightning misses the black mamba.
This wand has 2 charges left.
You block the seven-headed hydra's attack.
The seven-headed hydra bites you.
* * * LOW HITPOINT WARNING * * *
The seven-headed hydra closely misses you.
The seven-headed hydra bites you.
You die...

▓_▓.▓
▓_▓.▓.▓
▓_▓.▓S▓
▓_▓.▓S▓
▓_▓.▓F▓
▓_▓.▓F▓
▓_▓.▓F▓
▓_▓.▓D▓
▓_▓.▓@▓
▓_▓.▓.▓
▓_▓.▓.▓
▓_▓.▓.▓
▓'▓.▓.▓
▓.▓.▓[▓
▓.▓.▓)▓
▓.▓.▓.▓
▓.▓.▓.▓


You could see a seven-headed hydra, a black mamba, 3 spiny frogs and a water
moccasin.

Vanquished Creatures
  A hill giant (D)
  An efreet (D)
  A wyvern (D)
  2 yaks (D)
  A vampire mosquito (D)
  An ice beast (D)
  A centaur (D)
  A big kobold (D)
  A giant frog (D)
  A quasit (D)
  An adder (D)
  A river rat (D)
  An ooze (D)
  An adder zombie (D)
  A giant gecko (D)
  2 orcs (D)
  3 bats (D)
  A kobold (D)
  A rat (D)
23 creatures vanquished.

Vanquished Creatures (others)
  A wyvern (D)
1 creature vanquished.

Grand Total: 24 creatures vanquished

Notes
Turn   | Place    | Note
--------------------------------------------------------------
     0 | D        | rftp080 the Troll Fighter began the quest for the Orb.
     0 | D        | Reached XP level 1. HP: 22/22 MP: 0/0
     9 | D        | Reached skill level 3 in Unarmed Combat
    33 | D        | Noticed an ice beast
    38 | D        | Reached XP level 2. HP: 29/29 MP: 1/1
    46 | D        | Reached skill level 4 in Unarmed Combat
    56 | D        | Killed an ice beast
    56 | D        | Reached skill level 6 in Unarmed Combat
    56 | D        | Reached XP level 3. HP: 21/40 MP: 2/2
    56 | D        | Reached XP level 4. HP: 26/49 MP: 3/3
    73 | D        | Found a glowing silver altar of Zin.
    73 | D        | Found a glowing golden altar of the Shining One.
    73 | D        | Found an ancient bone altar of Kikubaaqudgha.
    73 | D        | Found a basalt altar of Yredelemnul.
    73 | D        | Found a shimmering altar of Xom.
    73 | D        | Found a radiant altar of Vehumet.
    74 | D        | Found an iron altar of Okawaru.
    75 | D        | Found a burning altar of Makhleb.
    76 | D        | Found a deep blue altar of Sif Muna.
    77 | D        | Found a bloodstained altar of Trog.
    78 | D        | Found a sparkling altar of Nemelex Xobeh.
    79 | D        | Found a white marble altar of Elyvilon.
    80 | D        | Found a roughly hewn altar of Beogh.
    81 | D        | Found a viscous altar of Jiyva.
    82 | D        | Found a corrupted altar of Lugonu.
    83 | D        | Became a worshipper of Makhleb the Destroyer
    84 | D        | Found a blossoming altar of Fedhas.
    85 | D        | Found a snail-covered altar of Cheibriados.
    86 | D        | Found a shadowy altar of Dithmenos.
    87 | D        | Found a stormy altar of Qazlal.
    88 | D        | Found an opulent altar of Gozag.
    89 | D        | Found a sacrificial altar of Ru.
    90 | D        | Found an oddly glowing altar of Pakellas.
   124 | D        | Noticed a big kobold
   124 | D        | Noticed a centaur
   124 | D        | Noticed a hill giant
   124 | D        | Noticed a wyvern
   127 | D        | Reached skill level 7 in Unarmed Combat
   127 | D        | Reached XP level 5. HP: 51/55 MP: 4/4
   137 | D        | Killed a hill giant
   137 | D        | Reached * piety under Makhleb
   137 | D        | Reached skill level 11 in Unarmed Combat
   137 | D        | Reached XP level 6. HP: 53/68 MP: 5/5
   137 | D        | Reached XP level 7. HP: 59/76 MP: 6/6
   140 | D        | Killed a wyvern
   146 | D        | Reached ** piety under Makhleb
   177 | D        | Noticed a wyvern
   177 | D        | Noticed a yak
   177 | D        | Noticed an efreet
   177 | D        | Noticed a vampire mosquito
   187 | D        | Killed a vampire mosquito
   187 | D        | Reached skill level 12 in Unarmed Combat
   193 | D        | Killed an efreet
   193 | D        | Reached XP level 8. HP: 86/88 MP: 7/7
   195 | D        | Reached *** piety under Makhleb
   203 | D        | Reached **** piety under Makhleb
   203 | D        | Reached skill level 13 in Unarmed Combat
   331 | D        | Noticed a spiny frog
   331 | D        | Noticed an eight-headed hydra
   331 | D        | Noticed a spiny frog
   331 | D        | Noticed a spiny frog
   337 | D        | HP: 4/89 [seven-headed hydra (8)]
   339 | D        | Noticed a black mamba
   339 | D        | HP: 1/89 [seven-headed hydra (2)]
   339 | D        | Slain by a seven-headed hydra

Skill      XL: |  1  2  3  4  5  6  7  8 |
---------------+-------------------------+-----
Unarmed Combat | 3 6 7 11 12 13 | 13.2
Fighting       | 4 6 7 8 |  8.4
Shields        | 4 7 8 |  8.5
Dodging        | 3 4 |  4.5

Action                   |  1- 3 |  4- 6 |  7- 9 || total
-------------------------+-------+-------+-------++-------
Melee: Unarmed           |    34 |     9 |    29 ||    72
       Scimitar          |       |       |     2 ||     2
Evoke: Wand              |       |     1 |     4 ||     5
  Use: Potion            |     1 |     1 |     2 ||     4
       Scroll            |       |       |     2 ||     2
 Stab: Invisible         |       |     3 |     1 ||     4
       Distracted        |       |       |     1 ||     1
  Eat: Chunk             |     2 |     2 |     1 ||     5
Armor: Robe              |     6 |     1 |     8 ||    15
Dodge: Dodged            |     9 |     5 |    13 ||    27
Block: Shield            |    15 |     2 |    21 ||    38
